2605 views
Uploaded 2020-02-01 12:05:21
Game version 1.32 / 1.32.1
26:31 long 1on1 ladder game on (4)TwistedMeadows
Saved by BaDitO2
2605 views
Uploaded 2020-02-01 12:05:21
Game version 1.32 / 1.32.1
26:31 long 1on1 ladder game on (4)TwistedMeadows

48 units @ 7.2k
/ 1k
16 buildings @ 3.5k
/ 1.4k


| Healing Salve | 1 | 100 |
| Potion of Mana | 5 | 1000 |
| Lesser Clarity Potion | 1 | 70 |
| Potion of Healing | 1 | 150 |
| total: | 8 | 1320g |
| Peon | 7 | 525 | / | 0 |
| Grunt | 4 | 800 | / | 0 |
| Troll Headhunter | 22 | 3080 | / | 440 |
| Raider | 12 | 2160 | / | 480 |
| Kodo Beast | 1 | 255 | / | 60 |
| Troll Berserker | 1 | 140 | / | 20 |
| Forest Troll Shadow Priest | 1 | 195 | / | 10 |
| total: | 48 | 7155g | / | 1010w |
| Altar of Storms | 1 | 180 | / | 50 |
| Orc Burrow | 5 | 800 | / | 200 |
| Barracks | 1 | 180 | / | 50 |
| War Mill | 1 | 205 | / | 0 |
| Voodoo Lounge | 2 | 260 | / | 60 |
| Great Hall | 4 | 1540 | / | 740 |
| Beastiary | 1 | 145 | / | 140 |
| Spirit Lodge | 1 | 150 | / | 150 |
| Stronghold | 1 | 315 | / | 190 |
| Fortress | 1 | 325 | / | 190 |
| total: | 16 | 3460g | / | 1390w |
| 0:04 | Altar of Storms |
| 0:09 | Orc Burrow |
| 0:16 | Barracks |
| 0:17 | Peon |
| 0:34 | Peon |
| 0:48 | Peon |
| 1:18 | Peon |
| 1:20 | Grunt |
| 1:39 | Orc Burrow |
| 1:55 | Grunt |
| 2:07 | Feral Spirit |
| 2:25 | War Mill |
| 3:30 | Stronghold |
| 3:46 | Troll Headhunter |
| 4:04 | Troll Headhunter |
| 4:26 | Steel Ranged Weapons |
| 4:33 | Troll Headhunter |
| 4:44 | Chain Lighting |
| 5:04 | Troll Headhunter |
| 5:07 | Orc Burrow |
| 5:28 | Voodoo Lounge |
| 5:45 | Troll Headhunter |
| 6:25 | Chain Lighting |
| 6:28 | Troll Headhunter |
| 6:34 | Peon |
| 6:34 | Peon |
| 6:37 | Orc Burrow |
| 6:48 | Troll Headhunter |
| 7:00 | Orc Burrow |
| 7:08 | Healing Salve |
| 7:19 | Healing Wave |
| 7:29 | Peon |
| 9:10 | Troll Headhunter |
| 9:14 | Steel Armor |
| 9:18 | Beastiary |
| 9:23 | Voodoo Lounge |
| 9:43 | Troll Headhunter |
| 9:43 | Troll Headhunter |
| 9:46 | Thorium Ranged Weapons |
| 9:59 | Hex |
| 10:45 | Troll Headhunter |
| 10:58 | Ensnare |
| 10:58 | Raider |
| 10:58 | Raider |
| 10:58 | Raider |
| 11:52 | Feral Spirit |
| 12:00 | Potion of Mana |
| 12:03 | Lesser Clarity Potion |
| 12:27 | Healing Wave |
| 12:49 | Raider |
| 12:49 | Raider |
| 12:50 | Troll Headhunter |
| 12:50 | Troll Headhunter |
| 13:17 | Grunt |
| 13:18 | Raider |
| 14:35 | Potion of Healing |
| 14:46 | Potion of Mana |
| 15:16 | Troll Headhunter |
| 15:17 | Raider |
| 15:25 | Chain Lighting |
| 15:42 | Potion of Mana |
| 16:07 | Troll Headhunter |
| 16:10 | Kodo Beast |
| 16:40 | Thorium Armor |
| 17:17 | Hex |
| 17:26 | Troll Headhunter |
| 17:29 | Raider |
| 17:29 | Raider |
| 19:11 | Troll Headhunter |
| 19:11 | Troll Headhunter |
| 19:13 | Raider |
| 19:39 | Fortress |
| 20:30 | Grunt |
| 20:32 | Troll Headhunter |
| 20:32 | Troll Headhunter |
| 21:09 | Forest Troll Shadow Priest |
| 21:28 | Troll Headhunter |
| 21:29 | Raider |
| 22:03 | Healing Wave |
| 22:39 | Great Hall |
| 22:48 | Berserker Upgrade |
| 22:59 | Potion of Mana |
| 23:08 | Potion of Mana |
| 23:18 | Great Hall |
| 23:25 | Troll Headhunter |
| 23:37 | Raider |
| 24:03 | Spirit Lodge |
| 24:39 | Great Hall |
| 24:42 | Great Hall |
| 25:14 | Troll Berserker |
| 25:54 | Feral Spirit |
| Right click | 1720 |
| Select group | 466 |
| Select | 390 |
| Build/train/purchase | 102 |
| Chat | 69 |
| Assign group | 50 |
| Use ability | 49 |
| Misc. action | 32 |
| Esc | 3 |
| Item give/drop | 1 |
66 units @ 10.4k
/ 1.2k
20 buildings @ 2.8k
/ 1.4k


| Scroll of Regeneration | 5 | 500 |
| Lesser Clarity Potion | 3 | 210 |
| Potion of Healing | 2 | 300 |
| Scroll of Town Portal | 1 | 350 |
| Scroll of Healing | 1 | 250 |
| Boots of Speed | 1 | 250 |
| Potion of Lesser Invulnerability | 1 | 150 |
| total: | 14 | 2010g |
| Peasant | 17 | 1275 | / | 0 |
| Footman | 7 | 945 | / | 0 |
| Rifleman | 8 | 1640 | / | 240 |
| Sorceress | 10 | 1550 | / | 200 |
| Spell Breaker | 13 | 2795 | / | 390 |
| Priest | 3 | 405 | / | 30 |
| Mortar Team | 2 | 360 | / | 140 |
| Goblin Shredder | 1 | 375 | / | 100 |
| Forest Troll Shadow Priest | 2 | 390 | / | 20 |
| Ogre Mauler | 1 | 300 | / | 0 |
| Mud Golem | 1 | 145 | / | 10 |
| Forest Troll Berserker | 1 | 245 | / | 30 |
| total: | 66 | 10425g | / | 1160w |
| Scout Tower | 1 | 30 | / | 20 |
| Arcane Tower | 1 | 70 | / | 50 |
| Altar of Kings | 1 | 180 | / | 50 |
| Farm | 8 | 640 | / | 160 |
| Barracks | 1 | 160 | / | 60 |
| Arcane Vault | 1 | 130 | / | 30 |
| Blacksmith | 1 | 140 | / | 60 |
| Lumber Mill | 1 | 120 | / | 0 |
| Town Hall | 2 | 770 | / | 410 |
| Arcane Sanctum | 2 | 300 | / | 280 |
| Workshop | 2 | 280 | / | 280 |
| Keep | 1 | 320 | / | 210 |
| Castle | 1 | 360 | / | 210 |
| total: | 20 | 2750g | / | 1350w |
| 0:04 | Peasant |
| 0:04 | Peasant |
| 0:07 | Altar of Kings |
| 0:10 | Peasant |
| 0:25 | Farm |
| 0:33 | Barracks |
| 0:38 | Peasant |
| 1:07 | Farm |
| 1:16 | Peasant |
| 1:17 | Peasant |
| 1:29 | Peasant |
| 1:30 | Peasant |
| 1:45 | Scout Tower |
| 1:47 | Footman |
| 1:52 | Arcane Vault |
| 1:53 | Peasant |
| 1:53 | Peasant |
| 2:02 | Peasant |
| 2:06 | Summon Water Elemental |
| 2:18 | Footman |
| 2:22 | Farm |
| 2:33 | Arcane Tower |
| 3:00 | Peasant |
| 3:00 | Peasant |
| 3:02 | Footman |
| 3:31 | Farm |
| 3:38 | Brilliance Aura |
| 3:47 | Scroll of Regeneration |
| 3:47 | Lesser Clarity Potion |
| 4:00 | Footman |
| 4:16 | Keep |
| 4:17 | Footman |
| 4:25 | Footman |
| 4:33 | Blacksmith |
| 5:00 | Footman |
| 5:12 | Boots of Speed |
| 5:14 | Summon Water Elemental |
| 5:53 | Black Gunpowder |
| 5:55 | Farm |
| 5:56 | Rifleman |
| 6:12 | Rifleman |
| 6:16 | Lumber Mill |
| 6:18 | Scroll of Regeneration |
| 6:33 | Farm |
| 6:56 | Arcane Sanctum |
| 7:01 | Arcane Sanctum |
| 7:05 | Farm |
| 7:22 | Brilliance Aura |
| 7:30 | Rifleman |
| 7:47 | Thunder Clap |
| 7:52 | Farm |
| 7:58 | Rifleman |
| 8:55 | Sorceress |
| 8:55 | Sorceress |
| 8:57 | Spell Breaker |
| 9:01 | Iron Plating |
| 9:03 | Potion of Healing |
| 9:22 | Priest |
| 9:29 | Iron Forged Swords |
| 9:30 | Steel Plating |
| 9:36 | Rifleman |
| 9:52 | Sorceress |
| 10:11 | Priest |
| 10:29 | Spell Breaker |
| 11:04 | Sorceress |
| 11:22 | Spell Breaker |
| 11:44 | Rifleman |
| 12:29 | Spell Breaker |
| 12:53 | Spell Breaker |
| 12:56 | Blizzard |
| 13:14 | Spell Breaker |
| 13:51 | Spell Breaker |
| 13:53 | Scroll of Regeneration |
| 13:56 | Lesser Clarity Potion |
| 14:02 | Scroll of Town Portal |
| 14:58 | Town Hall |
| 15:12 | Priest |
| 15:41 | Rifleman |
| 15:42 | Sorceress |
| 16:08 | Workshop |
| 16:28 | Sorceress |
| 16:33 | Goblin Shredder |
| 16:44 | Sorceress |
| 16:47 | Refined Gunpowder |
| 17:04 | Forest Troll Shadow Priest |
| 17:16 | Workshop |
| 17:50 | Mortar Team |
| 17:59 | Mortar Team |
| 18:02 | Castle |
| 18:11 | Ogre Mauler |
| 18:18 | Mud Golem |
| 18:27 | Storm Bolt |
| 18:32 | Forest Troll Shadow Priest |
| 18:43 | Spell Breaker |
| 18:54 | Forest Troll Berserker |
| 18:59 | Mass Teleport |
| 19:14 | Rifleman |
| 19:17 | Sorceress |
| 19:20 | Scroll of Regeneration |
| 19:27 | Potion of Healing |
| 19:46 | Spell Breaker |
| 19:56 | Thunder Clap |
| 20:04 | Sorceress |
| 20:16 | Sorceress |
| 21:00 | Scroll of Healing |
| 21:10 | Potion of Lesser Invulnerability |
| 21:57 | Spell Breaker |
| 23:03 | Scroll of Regeneration |
| 23:34 | Spell Breaker |
| 23:40 | Town Hall |
| 24:59 | Lesser Clarity Potion |
| 25:08 | Spell Breaker |
| 25:13 | Spell Breaker |
| 25:41 | Peasant |
| 25:41 | Peasant |
| 25:41 | Peasant |
| 25:42 | Peasant |
| 26:01 | Blizzard |
| 26:04 | Storm Bolt |
| Right click | 1073 |
| Select | 461 |
| Select group | 422 |
| Build/train/purchase | 196 |
| Assign group | 63 |
| Misc. action | 46 |
| Use ability | 36 |
| Chat | 19 |
| Esc | 11 |
| Item give/drop | 5 |